Cogmind - Beta 17 @@@ ROGUE MODE // 2026.06.23 @ 15:39:54 Player: BVrutally Odd Result: Core destroyed Performance ------------- Evolutions (4) 2000 Regions Visited (4) 800 Robots Destroyed (41) 205 Value Destroyed (920) 920 Prototype IDs (18) 360 Alien Tech Used (0) 0 Bonus (800) 800 TOTAL SCORE: 5085 Bonus ------- Registered with UFD 300 Met Optimus in HQ 500 Cogmind --------- Core Integrity 0/850 Matter 6/300 Energy 0/100 System Corruption 0% Temperature Warm (122) Movement Rolling (60) Ox1 Location -6/Factory Parts ------- > --- POWER (1) -------- (None) > --- PROPULSION (8) --- Ballwheel Maxwheels > --- UTILITY (3) ------ Large Storage Unit Gun Armor > --- WEAPON (3+3) ----- Siege Cannon Replica > --- INVENTORY (15) --- Light Treads Seismic Detector Medium Insulated Plating Peak State ------------ > --- POWER ------------ Cooled Ion Engine > --- PROPULSION ------- Ballwheel Maxwheels > --- UTILITY ---------- Large Storage Unit Gun Armor Medium Insulated Plating > --- WEAPON ----------- Siege Cannon Replica > --- INVENTORY -------- Light Treads Seismic Detector Assault Rifle [Rating: 81] Favorites ----------- Power Ion Engine Engine Ion Engine Propulsion Improved Treads Treads Improved Treads Wheel Ballwheel Utility Large Storage Unit Device Seismic Detector Storage Large Storage Unit Hackware Hacking Suite Protection Gun Armor Weapon EM Pulse Gun Energy Gun EM Pulse Gun Energy Cannon Subdweller Beam Cannon Ballistic Gun Light Assault Rifle Ballistic Cannon Siege Cannon Replica Launcher EMP Blaster Build | -11 -10 -10 -8 -6 ------- Run | Yrd Mat Sub Scr Fac Slots Evolved 8 | . . . . 8 Power . | . . . . . Propulsion 6 | . . . . 6 Utility 1 | . . . . 1 Weapon 1 | . . . . 1 Parts Attached 28 | 7 8 5 2 6 Power 3 | 1 1 . . 1 Engine 3 | 1 1 . . 1 Core . | . . . . . Reactor . | . . . . . Propulsion 7 | 2 3 . . 2 Treads 5 | 2 3 . . . Leg . | . . . . . Wheel 2 | . . . . 2 Hover . | . . . . . Flight . | . . . . . Utility 8 | 2 2 1 1 2 Device 2 | 1 . 1 . . Storage 3 | 1 2 . . . Processor . | . . . . . Hackware 1 | . . . 1 . Protection 2 | . . . . 2 Artifact . | . . . . . Weapon 10 | 2 2 4 1 1 Energy Gun 5 | 1 2 2 . . Energy Cannon 1 | . . . 1 . Ballistic Gun 3 | 1 . 2 . . Ballistic Cannon 1 | . . . . 1 Launcher . | . . . . . Special Weapon . | . . . . . Impact Weapon . | . . . . . Slashing Weapon . | . . . . . Piercing Weapon . | . . . . . Special Melee Weapon . | . . . . . Unidentified Prototypes 1 | . . 1 . . Parts Lost 2 | . . . 2 . Power . | . . . . . Propulsion . | . . . . . Utility 1 | . . . 1 . Weapon 1 | . . . 1 . Highest Loss Streak 2 | . . . 2 . To Critical Strikes . | . . . . . Average Backups 9 | 1 7 11 11 3 Power . | . . . . . Propulsion 2 | . 1 3 3 1 Utility 2 | . 2 3 2 1 Weapon 3 | . 3 4 4 . Tool/Special . | . . . . . Unused Backups 7 | . 1 1 3 2 Power . | . . . . . Propulsion 2 | . . . 2 . Utility 3 | . . 1 . 2 Weapon 2 | . 1 . 1 . Tool/Special . | . . . . . Average Slot Usage (%) 94 | . 100 100 97 29 Engine 13 | . 14 14 14 2 Treads 26 | . 28 28 28 . Device 12 | . 14 14 12 . Storage 13 | . 14 14 14 5 Energy Gun 12 | . 23 16 . . Ballistic Gun 3 | . 4 5 . 1 Launcher 9 | . . 5 24 . Peak Build Rating 81 | 7 10 26 30 81 Average Rating 19 | 5 8 15 26 74 On Entrance 12 | . 7 10 26 17 Avg Prop Armor Cover (%) 8 | . . . . 8 Naked Turns . | . . . . . Heaviest Build 69 | 14 30 35 36 69 Greatest Support 65 | 40 46 46 56 65 Greatest Overweight (x) 1 | . . . . 1 Average Overweight (x) . | . . . . . Largest Inventory Capacity 15 | 8 15 15 15 15 Average Capacity 12 | 7 9 15 15 15 Most Carried 15 | 3 10 15 15 15 Average Carried 10 | 1 7 11 14 3 Final Capacity 15 | 8 15 15 15 15 Final Carried 15 | 3 10 15 15 3 Transmogrified Parts 16 | . . 6 10 . Integrity Recovered 245 | . . 94 151 . Class Distribution -------------------- 93% | Mutant 6% | Gunner Dominant Class ---------------- Mutant | -10/Materials Mutant | -10/Subcaves Mutant | -8/Scraptown Gunner | -6/Factory Resources | -11 -10 -10 -8 -6 ----------- Run | Yrd Mat Sub Scr Fac Matter Collected 834 | 300 75 130 71 258 Remotely . | . . . . . Salvage Created 1506 | 228 692 201 118 267 Parts 93 | 19 47 11 2 14 Haulers Intercepted 4 | . 2 . . 2 Recyclers Shooed 3 | 2 . . . 1 Parts Field Recycled . | . . . . . Retrieved Matter . | . . . . . Parts Self-Destructed 2 | . . 2 . . Prevented . | . . . . . Parts Restored . | . . . . . Kills | -11 -10 -10 -8 -6 ------- Run | Yrd Mat Sub Scr Fac Combat Hostiles Destroyed 20 | . 12 5 2 1 Melee 2 | . . . 2 . Guns 12 | . 11 1 . . AOE 6 | . 1 4 . 1 Classes Destroyed 12 | 3 5 1 1 2 Worker 2 | 2 . . . . Builder 1 | . . . . 1 Tunneler 7 | 6 1 . . . Hauler 4 | . 2 . . 2 Recycler 2 | 1 . . . 1 Operator 2 | . 2 . . . Watcher 3 | . 3 . . . Swarmer 3 | . 3 . . . Grunt 9 | . 9 . . . Sentry 1 | . . . . 1 Subdweller 5 | . . 5 . . Scrapper 2 | . . . 2 . Best Kill Streak 7 | 4 7 2 2 2 Combat Bots Only 5 | . 5 2 2 1 Max Kills in Single Turn 2 | 1 1 2 1 1 Gunslinging . | . . . . . Exploded 2 | . 1 2 . 1 Melee 1 | . . . 1 . Uniques/NPCs Destroyed . | . . . . . Combat | -11 -10 -10 -8 -6 -------- Run | Yrd Mat Sub Scr Fac Hostile Shots Fired 144 | . 39 14 75 16 Missed 42 | . 11 6 19 6 Hits 102 | . 28 8 56 10 Melee 3 | . . . 3 . Projectile 99 | . 28 8 53 10 Critical Strikes 6 | . . . 5 1 Damage Taken 2296 | . 349 173 736 1038 Core 1041 | . 52 44 82 863 Absorbed by Shields . | . . . . . Core Remaining (%) 64 | 100 . . 28 . Volleys Fired 125 | 30 48 17 2 28 Largest 2 | 2 2 2 1 1 Hottest 90 | 70 80 80 80 90 Shots Fired 210 | 60 96 23 2 29 Gun 175 | 60 96 15 . 4 Cannon 27 | . . . 2 25 Launcher 8 | . . 8 . . Special . | . . . . . Kinetic 75 | 30 12 4 . 29 Thermal 47 | 30 12 3 2 . Explosive 7 | . . 7 . . Electromagnetic 81 | . 72 9 . . Robot Hit Streak 12 | 6 12 7 . 7 Robot Miss Streak 3 | 3 3 1 . 3 Penetration Max . | . . . . . Secondary Targets 3 | . 3 . . . Max Gunslinging Chain 1 | . 1 . . . Shots Hit Robots 124 | 34 62 14 . 14 Core Hits 62 | 12 31 14 . 5 Critical Kills . | . . . . . Critical Parts Destroyed . | . . . . . Critical Strikes 7 | 2 4 . . 1 Burn 2 | 2 . . . . Blast 1 | . . . . 1 Corrupt 4 | . 4 . . . Melee Attacks . | . . . . . Impact . | . . . . . Slashing . | . . . . . Piercing . | . . . . . Sneak Attacks . | . . . . . Combat Hostiles . | . . . . . Follow-up Attacks . | . . . . . Damage Inflicted 3321 | 374 986 860 12 1089 Guns 1368 | 374 833 115 . 46 Cannons 958 | . . . . 958 Explosions 959 | . 129 745 . 85 Melee . | . . . . . Ramming 36 | . 24 . 12 . Kinetic 1191 | 101 50 36 . 1004 Thermal 579 | 273 191 30 . 85 Explosive 715 | . . 715 . . Electromagnetic 800 | . 721 79 . . Impact . | . . . . . Slashing . | . . . . . Piercing . | . . . . . Highest Corruption 1 | . 1 1 . . Average Corruption 1 | . 1 1 . . Corruption Purged . | . . . . . Corruption Blocked . | . . . . . Effects 5 | . 1 4 . . Matter Fused 2 | . . 2 . . Heat Flow Errors 1 | . 1 . . . Data Loss (minor) 2 | . . 2 . . Overload Shots . | . . . . . Overflow Damage 38 | . . 11 3 24 Projectiles 24 | . . . . 24 Explosions 11 | . . 11 . . Melee 3 | . . . 3 . Knockbacks 3 | . . . . 3 Impact . | . . . . . Kinetic 3 | . . . . 3 Secondary . | . . . . . Self-Inflicted Damage 40 | . 40 . . . Shots 1 | . 1 . . . Rammed 2 | . 2 . . . Targets Rammed 5 | . 3 . 2 . Kicked . | . . . . . Crushed 3 | . 1 . 2 . Highest Temperature 243 | 200 210 . 36 243 Average Temperature 64 | 86 50 . 18 78 Received Heat Transfer 556 | . 144 42 280 90 Siege Activations . | . . . . . Martial Activations . | . . . . . Shielding Activations . | . . . . . Robots Disrupted . | . . . . . Combat Hostiles . | . . . . . Robots Corrupted . | . . . . . Combat Hostiles . | . . . . . Parts Fried 7 | . 4 1 2 . Impact Corruptions 1 | . . . 1 . Robots Melted . | . . . . . Combat Hostiles . | . . . . . Parts Melted 3 | 3 . . . . Heat Transferred 1347 | 962 285 50 . 50 Parts Sabotaged . | . . . . . Parts Stolen . | . . . . . Parts Stripped . | . . . . . Power Chain Reactions 3 | . 2 1 . . Alert | -11 -10 -10 -8 -6 ------- Run | Yrd Mat Sub Scr Fac Maximum Alert Level . | . . . . . Low Security (%) 100 | 100 100 . . 100 Level 1 . | . . . . . Level 2 . | . . . . . Level 3 . | . . . . . Level 4 . | . . . . . Level 5 . | . . . . . High Security . | . . . . . Max Security . | . . . . . Peak Influence 134 | 15 134 . . 128 Initial . | . . . . . Average 47 | 2 50 . . 76 Influence Increases 708 | 45 415 . . 248 Destroy 0b10 Robot/C 300 | . 240 . . 60 Destroy 0b10 Robot/NC 105 | 45 40 . . 20 Destroy Leader 74 | . 60 . . 14 Successful Hack 42 | . 35 . . 7 Disable Machine 30 | . . . . 30 Destroy Structure 67 | . 10 . . 57 Lose Combat Pursuer 90 | . 30 . . 60 Influence Decreases 637 | 45 349 66 . 177 Entered New Map 33 | . . 33 . . Time Decay 544 | 45 349 33 . 117 Lost Ally 60 | . . . . 60 Squads Dispatched 3 | . 2 . . 1 Investigation . | . . . . . Extermination . | . . . . . Reinforcement 3 | . 2 . . 1 Assault . | . . . . . Garrison . | . . . . . Intercept . | . . . . . Searches Triggered . | . . . . . Construction Impeded 1 | . . . . 1 Haulers Reinforced . | . . . . . Active Scanning Responses . | . . . . . Cargo Convoy Interrupts . | . . . . . Stealth | -11 -10 -10 -8 -6 --------- Run | Yrd Mat Sub Scr Fac Distress Signals 3 | . 3 . . . Communications Jammed . | . . . . . Distress Signals . | . . . . . Times Spotted 40 | . 23 5 8 4 Peak Tracking Total 6 | . 4 2 6 3 Tactical Retreats 3 | . 1 . . 2 Traps | -11 -10 -10 -8 -6 ------- Run | Yrd Mat Sub Scr Fac Traps Triggered 1 | . 1 . . . Indirectly . | . . . . . Trap Hack Attempts . | . . . . . Triggered . | . . . . . Disarmed . | . . . . . Reprogrammed . | . . . . . Reused . | . . . . . Traps Extracted . | . . . . . Installed . | . . . . . Triggered . | . . . . . Machines | -11 -10 -10 -8 -6 ---------- Run | Yrd Mat Sub Scr Fac Machines Disabled 4 | . . 1 1 2 Max in Single Turn 2 | . . 1 1 2 Machines Repaired . | . . . . . Machines Dismantled . | . . . . . Machines Sabotaged . | . . . . . Overloaded Fab Kills . | . . . . . Hacking | -11 -10 -10 -8 -6 --------- Run | Yrd Mat Sub Scr Fac Machines Accessed 8 | . 4 2 . 2 Terminals 5 | . 4 . . 1 Fabricators 1 | . . . . 1 Repair Stations . | . . . . . Recycling Units . | . . . . . Scanalyzers . | . . . . . Garrison Access . | . . . . . Total Hacks 16 | . 8 4 . 4 Successful 9 | . 3 4 . 2 Failed 7 | . 5 . . 2 Catastrophic 3 | . 2 . . 1 Database Lockouts . | . . . . . Manual 5 | . 3 . . 2 Terminals 9 | . 8 . . 1 Fabricators 3 | . . . . 3 Repair Stations . | . . . . . Recycling Units . | . . . . . Scanalyzers . | . . . . . Garrison Access . | . . . . . Terminal Hacks 6 | . 2 4 . . Record 3 | . . 3 . . Robot Analysis 1 | . 1 . . . Hauler Manifests 1 | . 1 . . . Proto ID Catalog 1 | . . 1 . . Fabricator Hacks 1 | . . . . 1 Build 1 | . . . . 1 Repair Station Hacks . | . . . . . Recycling Unit Hacks . | . . . . . Scanalyzer . | . . . . . Garrison Access Hacks . | . . . . . Unauthorized Hacks 2 | . 1 . . 1 Terminals 1 | . 1 . . . Operators 1 | . 1 . . . Fabricators 1 | . . . . 1 Liberate 1 | . . . . 1 Repair Stations . | . . . . . Recycling Units . | . . . . . Scanalyzers . | . . . . . Garrison Access . | . . . . . Data Cores Recovered . | . . . . . Used . | . . . . . Hacking Detections 6 | . 4 . . 2 Full Trace Events . | . . . . . Feedback Events . | . . . . . Feedback Blocked . | . . . . . Robot Schematics Acquired . | . . . . . Robots Built 3 | . . . . 3 Authchips . | . . . . . Time 152 | . . . . 152 Total Robot Build Rating 15 | . . . . 15 Part Schematics Acquired . | . . . . . Parts Built . | . . . . . Authchips . | . . . . . Time . | . . . . . Total Part Build Rating . | . . . . . Part Studies Acquired . | . . . . . Parts Repaired . | . . . . . Time . | . . . . . Parts Recycled . | . . . . . Recycled Matter . | . . . . . Retrieved Matter . | . . . . . Retrieved Components . | . . . . . Parts Scanalyzed . | . . . . . Part Schematics Acquired . | . . . . . Parts Damaged . | . . . . . Bothacking | -11 -10 -10 -8 -6 ------------ Run | Yrd Mat Sub Scr Fac Used RIF Installer . | . . . . . Robots Hacked . | . . . . . Non-combat . | . . . . . Combat . | . . . . . Robot Hacks Applied . | . . . . . Relay Couplers Released . | . . . . . Fabnet Peak Effective % . | . . . . . Robots Rewired . | . . . . . Allies Hacked . | . . . . . Hacks Repelled . | . . . . . Allies | -11 -10 -10 -8 -6 -------- Run | Yrd Mat Sub Scr Fac Total Allies 3 | . . . . 3 Largest Group 3 | . . . . 3 Highest-Rated Group 87 | . . . . 87 Highest-Rated Ally 29 | . . . . 29 Initial UFD Resources 23 | . . . . 23 Total Orders . | . . . . . Ally Attacks 28 | . . . . 28 Total Damage 398 | . . . . 398 Kills 2 | . . . . 2 Allies Corrupted . | . . . . . Allies Melted 2 | . . . 1 1 Intel | -11 -10 -10 -8 -6 ------- Run | Yrd Mat Sub Scr Fac Active Infowar (turns) 1961 | 165 1256 540 . . Seismic 1961 | 165 1256 540 . . Robot Analysis Total 1 | . 1 . . . Derelict Logs Recovered 2 | . . 1 1 . Drone Launches . | . . . . . Drone Recoveries . | . . . . . Exploration | -11 -10 -10 -8 -6 ------------- Run | Yrd Mat Sub Scr Fac Turns Passed 4123 | 261 1256 1045 1307 254 Spaces Moved 2123 | 101 587 555 640 240 Core 43 | 43 . . . . Treads 1840 | 58 587 555 640 . Legs . | . . . . . Wheels 240 | . . . . 240 Hover . | . . . . . Flight . | . . . . . Fastest Speed 50 | 50 160 145 145 60 Average Speed 143 | 113 160 158 151 61 Slowest Speed 170 | 160 160 160 170 72 Overloaded Moves . | . . . . . Propulsion Burnouts . | . . . . . Robots Hopped . | . . . . . Potential Cave-ins . | . . . . . Cave-ins Triggered . | . . . . . Exploration Rate (%) 37 | 4 80 34 61 10 Regions Visited 4 Branch Regions 2 Pre-discovered Areas . | . . . . . Known Exits Taken . | . . . . . Unknown Exits Taken 4 | 1 1 1 1 . Scrap Searched 3 | . . . 3 . Spaces Dug . | . . . . . Terrain Destroyed 137 | . 8 60 1 68 Melee . | . . . . . Projectile 45 | . . . 1 44 AOE 92 | . 8 60 . 24 Terrain Rammed . | . . . . . Walls Destroyed . | . . . . . Machines Disabled . | . . . . . Actions | -11 -10 -10 -8 -6 --------- Run | Yrd Mat Sub Scr Fac Total 3010 | 190 813 698 979 330 Wait 682 | 50 144 114 324 50 Move 2119 | 100 586 554 639 240 Hop . | . . . . . Pick Up 24 | 3 13 5 2 1 Fast Attach 11 | 7 . . . 4 Attach 8 | . . 1 2 5 Detach . | . . . . . Swap 12 | . 8 4 . . Drop 24 | . 11 3 8 2 Fire 125 | 30 48 17 2 28 Melee . | . . . . . Ram . | . . . . . Kick . | . . . . . Crush 5 | . 3 . 2 . Escape Stasis . | . . . . . Rewire . | . . . . . Trap . | . . . . . Miscellaneous . | . . . . . Route ------- -11/Scrapyard -10/Materials (discovered 4 exits: [*Mat x2] / [*Min] / *Sub) -10/Subcaves (discovered 4 exits: *Mat x2 / Rec / [*Scr]) -8/Scraptown (discovered 2 exits: *Fac x2) -6/Factory History --------- Turn | Location | Event 3 | -11/Scrapyard | Discovered new exit (range 16) 262 | -11/Scrapyard | Entered Materials 301 | -10/Materials | Build established: Mutant 571 | -10/Materials | Discovered new exit (range 8) 826 | -10/Materials | Discovered new exit (range 15) 1153 | -10/Materials | Discovered new exit (range 14) 1419 | -10/Materials | Discovered new exit (range 11) 1518 | -10/Materials | Entered Subcaves 1519 | -10/Subcaves | Approached by a straggling Scientist 1538 | -10/Subcaves | Learned Materials stockpile data 1932 | -10/Subcaves | Discovered new exit (range 11) 2039 | -10/Subcaves | Visited 4L-MR0's lab 2053 | -10/Subcaves | Found Gun Armor 2057 | -10/Subcaves | Found Prototype Device 2058 | -10/Subcaves | Identified Sfc. Transmogrifier 2378 | -10/Subcaves | Scientist uncovered a shortcut to Scraptown 2416 | -10/Subcaves | Visited Clippyterm 2421 | -10/Subcaves | Identified exit to Materials 2421 | -10/Subcaves | Identified exit to Recycling 2467 | -10/Subcaves | A Subdweller sparked back to life 2517 | -10/Subcaves | Found Maxwheels 2563 | -10/Subcaves | Entered Scraptown 2563 | -8/Scraptown | System corruption cleaned by C-Scrubber 2793 | -8/Scraptown | Scanned Subdweller tech in exchange for log data 2811 | -8/Scraptown | Discovered new exit (range 11) 2951 | -8/Scraptown | Visited UFD Registry 2951 | -8/Scraptown | Registered with UFD as "Powerthruster" 2997 | -8/Scraptown | Visited Modified Component R&D 3066 | -8/Scraptown | Visited Curators Association 3118 | -8/Scraptown | Visited Science Testing Area 3143 | -8/Scraptown | Visited Analyses Database 3168 | -8/Scraptown | Visited Chapter 10 3187 | -8/Scraptown | Visited Scrapoid Pod Storage 3210 | -8/Scraptown | Visited Junk Repository 3242 | -8/Scraptown | Visited Supply Room 3391 | -8/Scraptown | Met Optimus 3391 | -8/Scraptown | Accepted into 0bPrime 3791 | -8/Scraptown | Civil war broke out across Scraptown 3798 | -8/Scraptown | Found Siege Cannon Replica 3811 | -8/Scraptown | Found Ballwheel 3852 | -8/Scraptown | Core integrity fell below 50% 3859 | -8/Scraptown | Lost 6 allies 3867 | -8/Scraptown | Discovered new exit (range 3) 3870 | -8/Scraptown | Entered Factory 3870 | -6/Factory | Evolved 8 slots: Propulsion x6, Utility x1, Weapon x1 3874 | -6/Factory | Attached Maxwheels, gained temporary slots: Weapon x2 3875 | -6/Factory | Attached Gun Armor, gained temporary slots: Weapon x2 4041 | -6/Factory | Fabricated G-50 Soldier? 4064 | -6/Factory | Core integrity fell below 50% 4101 | -6/Factory | Core integrity fell below 20% 4124 | -6/Factory | Core destroyed Last Messages --------------- 04100_ Siege Slug penetrates Wall. 04102_ Siege Cannon Replica recoils violently, damaging core (-37). 04102_ Siege Slug penetrates Wall. 04107_ U-05 Engineer builds a Wall. 04114_ Acquired 6 matter. 04115_ Acquired 15 matter. 04118_ Acquired 56 matter. 04120_ Siege Cannon Replica recoils violently, damaging core (-36). 04120_ Siege Slug penetrates Wall. 04120_ ALERT: Construction progress impeded, dispatching reinforcements to local area. 04121_ U-05 Engineer builds a Wall. 04121_ Siege Cannon Replica recoils violently, damaging core (-15). 04123_ Siege Cannon Replica recoils violently, damaging core (-37). 04123_ Siege Slug penetrates Wall. 04123_ Siege Slug penetrates Earth. Map ----- +----------------------------------------------------+ | ????????????????????????????????################## | | ??????????????????????????????????????# | | ??????????????????????????????????????# """" | | ??????????????????????????????????????# """" | | ??????????????????????????????????????# """" | | ??????????????????????????????????????# """" | | ??????????????????????????????????????# | | ??????????????????????????????????????# """" | | ??????????????????????????????????????? """" | | ???????????????????????? ####?????????# """" " " | | ????????????????????? ?????????# """" "R" | | ?????????????????????? #????????# """ | | ????????????????????? +????????# | | | ?????????????????????? u #??"""???############ | | ?????????????????????? #??"""??????????????? | | ???????????????????????# #?? ?????#?????????? | | ???????????????????????# #####+###""########## | | ???????????????????????# u | | ???????????????????????# * | | ???????????????????????# == | | ???????????????????????# [ ! ! | | ???????????"???????????# % == | | ???????????""??????????# != #;#########""# | | ????????????" #????????# = ! ; #?????????? | | ????????????? " ???????# =! # ???????????? | | ??????????????#""##????# @ # #?????????? | | ????????########"#"##### ###?????????# | | ????????# # # ????????# | | ????????# # #???????????# | | ????????# # ########???????????# | | ????????# # ###????????????????#= | | ????????+ # #??????????????????## | | ????????# """ "" + #???????????????????? | | ??????????""" T" # #???????????????????? | | ???????????"" "" # #???????????????????? | | ?????????? # #???????????????????? | | ??????????############## #???????????????????? | | ???????????????????????# #???????????????????? | | ???????????????????????# #???????????????????? | | ???????????????????????# +???????????????????? | | ???????????????????????# #???????????????????? | | ???????????????????????# #???????????????????? | | ??????????????????????? #???????????????????? | | ???????????????????????###+###???????????????????? | | ?????????????????????????????????????????????????? | | ?????????????????????????????????????????????????? | | ?????????????????????????????????????????????????? | | ?????????????????????????????????????????????????? | | ?????????????????????????????????????????????????? | | ?????????????????????????????????????????????????? | +----------------------------------------------------+ Best States ------------- Heat Dissipation 37 Energy Generation 14 Energy Capacity 280 Matter Stores 300 Matter Capacity 300 Sight Range 16 Terrain Scan Density 10 Armor Coverage 60 Evasion (%) 50 Recoil Reduction 2 Offensive Hacking 10 Item Schematics ----------------- None Robot Schematics ------------------ None Fabricated ------------ G-50 Soldier | x3 | -6/Factory | Preloaded Repaired ---------- Nothing Studied --------- None Alien Tech Used ----------------- None Achievements -------------- None Challenges ------------ None Game ------ Seed TowerTransportConstruct Manual? 0 Play Time 00:25:01 Cumulative 606.6 hours Start 2026.06.23 @ 13:23:49 End 2026.06.23 @ 15:39:54 Sessions 2 Manual Loads 0 Difficulty Rogue Special Mode None Game No. 258 Rogue 150 Adventurer 54 Explorer 54 Win Type - Total 64 Types 27/8/10/1/1/2/10/1/1/3 Lore% 96 Gallery% 89 Achievement% 74 Wizard Run 0 Options --------- Layout 2 ASCII 0 Keyboard 0 Movement Mouse Keybinds 1 Fullscreen 1 Font 32/Tamsyn Map View 50x44 Zoom Use 0% Tactical HUD 1 Map Filters NONE Filters NONE Steam 1 RUN: c1b5b8d5-1cf0-41a0-8f0a-806f40357286